 Dungeon Crawl Stone Soup version 0.32-a0-17-gb74e046682 (webtiles) character file.

Game seed: 15114694607774261753

33 SmokeWeed the Conjurer (level 3, 0/21 HPs)
             Began as an Octopode Conjurer on Jan 15, 2024.
             Succumbed to an adder's poison
             ... on level 2 of the Dungeon.
             The game lasted 00:02:23 (1326 turns).

SmokeWeed the Conjurer (Octopode Conjurer)          Turns: 1326, Time: 00:02:24

Health: 0/21       AC:  1    Str:  6    XL:     3   Next: 29%
Magic:  3/6        EV: 13    Int: 20    God:
Gold:   91         SH:  0    Dex: 12    Spells: 5/6 levels left

rFire   . . .        b - staff of cold
rCold   + . .        (no shield)
rNeg    . . .        (helmet restricted)
rPois   .            (no amulet)
rElec   .            (no ring)
rCorr   .            (no ring)
SInv    .            (no ring)
Will    .....        (no ring)
Stlth   +++          (no ring)
HPRegen 0.23/turn    (no ring)
MPRegen 0.10/turn    (no ring)
                     (no ring)

%: no passive effects
@: lethally poisoned (0 -> -6), hasted, very quick
A: almost no armour, amphibious, 8 rings, camouflage 1, gelatinous body 1,
(nimble swimmer 1), tentacles
a: no special abilities


You were on level 2 of the Dungeon.
You visited 1 branch of the dungeon, and saw 2 of its levels.

You collected 91 gold pieces.

Inventory:

Magical Staves
 b - a staff of cold (weapon)
Scrolls
 c - a scroll of silence {unknown}
Potions
 a - a potion of magic


   Skills:
 * Level 2.1 Dodging
 + Level 3.0 Stealth
 + Level 0.2 Unarmed Combat
 * Level 2.3 Spellcasting
 + Level 4.6 Conjurations


You had 5 spell levels left.
You knew the following spells:

 Your Spells              Type           Power      Damage    Failure   Level
a - Magic Dart            Conj           80%        1d7       2%          1

Your spell library contained the following spells:

 Spells                   Type           Power      Damage    Failure   Level
 Searing Ray              Conj           40%        2d5       3%          2
 Fugue of the Fallen      Necr           2%         N/A       41%         3
 Ozocubu's Armour         Ice            3%         N/A       41%         3
 Fulminant Prism          Conj/Alch      5%         3d7       52%         4
 Iskenderun's Mystic Bla  Conj/Tloc      11%        2d4       52%         4
 Manifold Assault         Tloc           2%         N/A       83%         4


Dungeon Overview and Level Annotations

Branches:
Dungeon (2/15)

Altars:


Innate Abilities, Weirdness & Mutations

You cannot wear most types of armour.
You are amphibious.
You can wear up to eight rings at the same time.
Your skin changes colour to match your surroundings (Stealth+).
Your rubbery body absorbs attacks. (AC +1, EV +1)
((You are camouflaged when in or above water. (Stealth+)))
You have tentacles for arms and can constrict up to eight enemies at once.


Message History

The magic dart hits the adder.
The adder is heavily wounded.
The adder bites you.
Aiming: Magic Dart (safe; 2% risk of failure)
Press: ? - help, Q - select action Shift-Dir - straight line, f/p - adder
Aim: an adder (heavily wounded, 100% to hit)
The magic dart hits the adder but does no damage.
The adder is heavily wounded.
The adder bites you.
You are poisoned.
The adder poisons you! The adder barely misses you.
You closely miss the adder. Your grab misses the adder.
The adder is heavily wounded.
You feel sick. The adder bites you.
You are more poisoned.
The adder poisons you!
You closely miss the adder. Your grab misses the adder.
Your squeeze misses the adder.
The adder is heavily wounded.
You feel sick. The adder closely misses you. The adder barely misses you.
You hit the adder but do no damage. Your grab misses the adder.
Your squeeze misses the adder.
The adder is heavily wounded.
You feel sick. The adder barely misses you.
You hit the adder. Your grab misses the adder.
The adder is severely wounded.
You feel sick. The adder closely misses you. x2
You barely miss the adder. Your grab misses the adder.
The adder is severely wounded.
You feel sick. The adder barely misses you.
You hit the adder but do no damage. Your grab misses the adder.
The adder is severely wounded.
You feel sick.
You are no longer poisoned.
The adder barely misses you. The adder bites you.
* * * LOW HITPOINT WARNING * * *
You are lethally poisoned!
The adder poisons you!
It was a potion of haste.
You feel yourself speed up.
You die...

.#....#.#... ...#
......# ##..#####
......######
#.......#
.##.........
.......+
.#.....#####
......### .#.....#
#........ .####..#
#.# .......#
#######S## .......#
#....(.@.##
#.##.#.#
#.........######
#.#..#.#
#..............#
#.#.##.#
#........#####.#
#.#.##.# #........#
#.#.##.# #........#
#.#.##.#########'##
#.#.##...........#
#.#.##############


You could see an adder.

Vanquished Creatures
  A dart slug (D:1)
  4 endoplasms
  3 giant cockroaches
  4 goblins (D:1)
  3 hobgoblins
  3 quokkas (D:1)
  2 bats (D:1)
  3 frilled lizards
  4 kobolds
  2 rats
29 creatures vanquished.

Notes
Turn   | Place    | Note
-------+----------+-------------------------------------------
     0 | D:1      | SmokeWeed the Octopode Conjurer began the quest for the
                  | Orb.
     0 | D:1      | Reached XP level 1. HP: 11/11 MP: 3/3
   240 | D:1      | Reached XP level 2. HP: 17/17 MP: 5/5
   845 | D:1      | Reached XP level 3. HP: 21/21 MP: 6/6
  1326 | D:2      | Succumbed to an adder's poison

Illustrated notes

Levels and vault maps discovered:
D:1:      dpeg_arrival_shrine, layout_loops_corners, minmay_tetromino_i2
D:2:      layout_basic, serial_shops, nicolae_shop_tiny_glass,
          nicolae_shop_vocational, uniq_natasha

Skill      XL: |  1  2 |
---------------+-------+-----
Stealth        | 3 |  3.0
Dodging        | |  2.1
Unarmed Combat | |  0.2
Spellcasting   | |  2.3
Conjurations   | |  4.6

Action                     || total
---------------------------++-------
  Melee: Unarmed           ||    20
         Tentacles         ||    13
         Constrict         ||    15
         Punch             ||     1
         Staff             ||    47
   Cast: Magic Dart        ||    20
    Use: Scroll            ||     3
         Potion            ||     1
   Stab: Sleeping          ||     8
 Armour: Skin              ||    29
  Dodge: Dodged            ||    48

Table legend: (Time is in decaauts)
 A = Elapsed time spent in this place.
 B = Non-inter-level travel time spent in this place.
 C = Inter-level travel time spent in this place.
 D = Time resting spent in this place.
 E = Time spent auto-exploring this place.
 F = Levels seen in this place.
 G = Mean time per level.
                   A        B        C        D        E       F      G
               +--------+--------+--------+--------+--------+-----+--------+
         Total |   1334 |   1311 |     23 |     21 |   1068 |   2 |  667.0 |
       Dungeon |   1334 |   1311 |     23 |     21 |   1068 |   2 |  667.0 |
               +--------+--------+--------+--------+--------+-----+--------+

Top non-repeatable levels by time:
     D:1: 1094 daAuts
     D:2: 240 daAuts
